 Dungeon Crawl Stone Soup version 0.31-a0-313-g785cd24033 (webtiles) character file.

Game seed: 10594223010680236877

4883 bmuutr the Slasher (level 10, -16/75 HPs)
             Began as a Djinni Cinder Acolyte on July 17, 2023.
             Was a High Priest of Ignis.
             Demolished by a molten gargoyle
             ... wielding a +0 flail
              (22 damage)
             ... on level 9 of the Dungeon.
             The game lasted 00:31:05 (8687 turns).

bmuutr the Slasher (Djinni Cinder Acolyte)          Turns: 8687, Time: 00:31:06

Health: -16/75     AC:  5    Str: 13    XL:     10   Next: 79%
Gold:   593        EV: 14    Int: 22    God:    Ignis [*****.] SH:  0 Dex: 13

rFire   + + +        g - +2 scimitar (holy)
rCold   x . .        (no shield)
rNeg    . . .        u - +2 robe "Cioc" {rPois}
rPois   ∞            (no helmet)
rElec   .            H - +0 cloak
rCorr   .            (no gloves)
SInv    .            (boots unavailable)
Will    +....        w - amulet of regeneration
Stlth   +++          c - +4 ring of slaying
HPRegen 1.12/turn    i - +6 ring of intelligence
MPRegen 0.00/turn

%: infuse magic (-17 HP)
@: flying
A: sickness immunity, fire resistance 2, cold vulnerability 1, float, innate
caster, HP casting, extra vitality 1
a: Renounce Religion, Fiery Armour, Foxfire Swarm, Rising Flame


You were on level 9 of the Dungeon.
You worshipped Ignis.
Ignis was extremely pleased with you.
You visited 1 branch of the dungeon, and saw 9 of its levels.

You collected 593 gold pieces.

Inventory:

Hand Weapons
 a - a -1 falchion of flaming
 g - a +2 scimitar of holy wrath (weapon)
 v - a +0 vampiric falchion
 D - a +0 falchion of draining
Missiles
 z - 6 poisoned darts
 C - 4 boomerangs
 J - 5 silver boomerangs
 K - a curare-tipped dart
Armour
 b - a +1 plate armour
 u - the +2 robe "Cioc" (worn) {rPois}
   (You found it on level 3 of the Dungeon)

   rPois:     It protects you from poison.
 G - +0 steam dragon scales
 H - a +0 cloak (worn)
Jewellery
 c - a +4 ring of slaying (left hand)
 f - a ring of positive energy
 i - a +6 ring of intelligence (right hand)
 j - a +6 ring of strength
 w - an amulet of regeneration (around neck)
 E - a ring of protection from cold
Wands
 o - a wand of roots (23)
 x - a wand of quicksilver (6)
Scrolls
 m - 3 scrolls of brand weapon
 s - a scroll of fog
 y - 3 scrolls of teleportation
 A - a scroll of enchant armour
 F - a scroll of poison
 I - a scroll of fear
Potions
 d - 2 potions of berserk rage
 e - 2 potions of invisibility {unknown}
 h - a potion of lignification {unknown}
 k - a potion of brilliance {unknown}
 l - 2 potions of curing
 n - a potion of resistance {unknown}
 p - a potion of enlightenment {unknown}
 q - a potion of mutation {unknown}
 r - 4 potions of haste
 t - a potion of might {unknown}
 B - a potion of cancellation {unknown}


   Skills:
 * Level 7.1 Fighting
 * Level 7.3 Long Blades
 * Level 6.9 Dodging
 * Level 5.8 Stealth
 * Level 5.6 Spellcasting
 * Level 5.6 Conjurations
 * Level 5.6 Hexes
 * Level 5.6 Summonings
 * Level 5.6 Necromancy
 * Level 5.6 Translocations
 * Level 5.6 Transmutations
 * Level 5.6 Fire Magic
 * Level 5.6 Ice Magic
 * Level 5.6 Air Magic
 * Level 5.6 Earth Magic
 * Level 5.6 Poison Magic


You knew the following spells:

 Your Spells              Type           Power      Damage    Failure   Level
a - Scorch                Fire           60%        2d8       1%          2
b - Freeze                Ice            100%       1d10      1%          1
c - Poisonous Vapours     Pois/Air       60%        N/A       1%          2
d - Dazzling Flash        Conj/Hex       60%        N/A       2%          3
e - Vhi's Electric Charg  Tloc/Air       60%        N/A       2%          3
Your spell library was empty.

Dungeon Overview and Level Annotations

Branches:
Dungeon (9/15)             Temple (0/1) D:7
   Lair: D:8-11         Orc: D:9-12

Altars:
Ashenzari
Fedhas
Hepliaklqana
Uskayaw
The Shining One

Shops:
D:5 =

Annotations:
D:4 2 runed translucent doors, hackon's ghost, amateur OgFE


Innate Abilities, Weirdness & Mutations

You are immune to sickness and miasma.
You are immune to poison.
Your flesh is very heat resistant. (rF++)
You are vulnerable to cold. (rC-)
You float through the air rather than walking.
You learn spells naturally, not from books.
Your magical power is your life essence.
You have superior vitality. (+4 MHP)


Message History

The bolt of magma hits you! You partially resist.
Casting: Freeze (safe; 1% risk of failure)
Confirm with . or Enter, or press ? or * to list all spells.
Aiming: Freeze (safe; 1% risk of failure)
Press: ? - help, Shift-Dir - straight line, f/p - molten gargoyle
Aim: a molten gargoyle, wielding a +0 flail (moderately damaged)
You freeze the molten gargoyle.
The molten gargoyle is heavily damaged.
The molten gargoyle hits you with a +0 flail.
You are engulfed in flames.
You resist.
Casting: Freeze (safe; 1% risk of failure)
Confirm with . or Enter, or press ? or * to list all spells.
Aiming: Freeze (safe; 1% risk of failure)
Press: ? - help, Shift-Dir - straight line, f/p - molten gargoyle
Aim: a molten gargoyle, wielding a +0 flail (heavily damaged)
You freeze the molten gargoyle.
The molten gargoyle is heavily damaged.
The molten gargoyle hits you with a +0 flail!!
You are engulfed in flames.
You resist.
Casting: Freeze (safe; 1% risk of failure)
Confirm with . or Enter, or press ? or * to list all spells.
Aiming: Freeze (safe; 1% risk of failure)
Press: ? - help, Shift-Dir - straight line, f/p - molten gargoyle
Aim: a molten gargoyle, wielding a +0 flail (heavily damaged)
You freeze the molten gargoyle!
The molten gargoyle is severely damaged.
The molten gargoyle hits you with a +0 flail!!
* * * LOW HITPOINT WARNING * * *
You are engulfed in flames.
You resist.
* * * LOW HITPOINT WARNING * * *
Casting: Freeze (safe; 1% risk of failure)
Confirm with . or Enter, or press ? or * to list all spells.
Aiming: Freeze (safe; 1% risk of failure)
Press: ? - help, Shift-Dir - straight line, f/p - molten gargoyle
Aim: a molten gargoyle, wielding a +0 flail (severely damaged)
You freeze the molten gargoyle.
The molten gargoyle is almost destroyed.
* * * LOW HITPOINT WARNING * * *
The molten gargoyle hits you with a +0 flail!!
You die...

...##..........## ###
##....[.....###
##............##
##..............##
####..........()..).#
#.................(.#
.................(([##
).................)..#
...............9@))<.##
##..)..............|..#
#...................##
#.................###
#..............####
#..######.....### ###
..## ######.### ###.#
##..####...#
##..#.....##


You could see a molten gargoyle.

Vanquished Creatures
  A molten gargoyle (D:9)
  Grinder (D:4)
  A wyvern (D:8)
  4 yaks (D:9)
  A steam dragon (D:7)
  Menkaure (D:4)
  4 water moccasins
  4 orc warriors
  2 sky beasts
  A black bear (D:6)
  2 kobold brigands
  2 phantoms
  6 bullfrogs
  2 necrophages (D:6)
  5 scorpions
  A wyvern zombie (D:6)
  2 wights (D:6)
  2 howler monkeys
  2 bullfrog zombies (D:6)
  2 hounds
  Crazy Yiuf (D:7)
  2 gnoll boudas
  3 orc priests
  A human zombie (D:6)
  2 jellies
  4 sleepcaps
  2 iguanas
  6 orc wizards
  A killer bee zombie (D:6)
  A mummy (D:6)
  2 howler monkey zombies (D:6)
  8 gnolls
  4 adders
  2 white imps (D:6)
  2 worms
  6 dart slugs
  23 orcs
  2 bats
  9 endoplasms
  2 giant cockroaches
  4 goblins
  9 hobgoblins
  3 jackals (D:1)
  4 quokkas
  7 ball pythons
  2 frilled lizards
  17 kobolds
  8 rats
183 creatures vanquished.

Notes
Turn   | Place    | Note
-------+----------+-------------------------------------------
     0 | D:1      | bmuutr the Djinni Cinder Acolyte began the quest for the
                  | Orb.
     0 | D:1      | bmuutr set off with the following spells memorised: Scorch.
     0 | D:1      | Reached XP level 1. HP: 20/20 MP: 0/0
   333 | D:1      | Reached XP level 2. HP: 13/25 MP: 0/0
   739 | D:1      | Reached XP level 3. HP: 17/30 MP: 0/0
   739 | D:1      | Learned a level 1 spell: Freeze
  1228 | D:2      | Reached XP level 4. HP: 22/35 MP: 0/0
  1234 | D:2      | Reached skill level 1 in Dodging
  1237 | D:2      | Reached skill level 1 in Stealth
  1690 | D:3      | Reached XP level 5. HP: 25/40 MP: 0/0
  1690 | D:3      | Learned a level 2 spell: Poisonous Vapours
  1988 | D:3      | Identified the +2 robe "Cioc" {rPois}
  2173 | D:3      | Found a blossoming altar of Fedhas.
  2539 | D:4      | Noticed a phantom
  2546 | D:4      | Killed a phantom
  2725 | D:4      | Found a large runed translucent door.
  2725 | D:4      | Found a large runed translucent door.
  2729 | D:4      | Noticed hackon's ghost (amateur OgFE)
  2779 | D:4      | Reached XP level 6. HP: 41/47 MP: 0/0
  2904 | D:4      | Noticed Menkaure
  2904 | D:4      | Noticed Grinder
  2926 | D:5      | Entered Level 5 of the Dungeon
  3065 | D:5      | Noticed a +0 dagger
  3066 | D:5      | Noticed a +0 falchion
  3066 | D:5      | Noticed a +0 short sword
  3067 | D:5      | Noticed a +0 spear
  3067 | D:5      | Noticed a +0 short sword
  3068 | D:5      | Noticed a +0 spear
  3068 | D:5      | Noticed a +0 falchion
  3068 | D:5      | Noticed a +0 dagger
  3147 | D:5      | Found a hide-covered altar of Uskayaw.
  3177 | D:5      | Found Jumniss's Jewellery Emporium.
  3558 | D:5      | Reached XP level 7. HP: 43/52 MP: 0/0
  3558 | D:5      | Learned a level 3 spell: Dazzling Flash
  3749 | D:5      | Found a glowing golden altar of the Shining One.
  3970 | D:4      | Found a hazy altar of Hepliaklqana.
  4244 | D:4      | Killed Grinder
  4522 | D:4      | Killed Menkaure
  4523 | D:4      | Reached XP level 8. HP: 48/58 MP: 0/0
  4955 | D:6      | Reached skill level 5 in Fighting
  5075 | D:6      | Found a broken altar of Ashenzari.
  5211 | D:6      | Reached skill level 5 in Long Blades
  5397 | D:6      | Reached XP level 9. HP: 51/65 MP: 0/0
  5397 | D:6      | Learned a level 3 spell: Vhi's Electric Charge
  5958 | D:6      | Reached skill level 5 in Dodging
  6403 | D:7      | Found a runed translucent door.
  6404 | D:7      | Noticed Crazy Yiuf
  6574 | D:7      | Found a staircase to the Ecumenical Temple.
  7011 | D:7      | Killed Crazy Yiuf
  7142 | D:8      | Reached XP level 10. HP: 60/72 MP: 0/0
  7146 | D:8      | Reached skill level 5 in Spellcasting
  7146 | D:8      | Reached skill level 5 in Conjurations
  7146 | D:8      | Reached skill level 5 in Hexes
  7146 | D:8      | Reached skill level 5 in Summonings
  7146 | D:8      | Reached skill level 5 in Necromancy
  7146 | D:8      | Reached skill level 5 in Translocations
  7146 | D:8      | Reached skill level 5 in Transmutations
  7146 | D:8      | Reached skill level 5 in Fire Magic
  7146 | D:8      | Reached skill level 5 in Ice Magic
  7146 | D:8      | Reached skill level 5 in Air Magic
  7146 | D:8      | Reached skill level 5 in Earth Magic
  7146 | D:8      | Reached skill level 5 in Poison Magic
  7241 | D:8      | Reached skill level 5 in Stealth
  8096 | D:9      | Noticed a molten gargoyle
  8259 | D:9      | HP: 3/73 [orc warrior/+0 glaive (6)]
  8660 | D:9      | Noticed a molten gargoyle
  8663 | D:9      | Killed a molten gargoyle
  8687 | D:9      | Demolished by a molten gargoyle

Illustrated notes

Levels and vault maps discovered:
D:1:      minmay_arrival_five_plusses, layout_basic
D:2:      layout_rooms
D:3:      layout_basic, fedhas_altar_2, minmay_fractal_squares_gapless_5
D:4:      layout_loops_cross, mainiacjoe_overflow_boulevard,
          ebering_ghost_disaster_area, uniq_menkaure, uniq_grinder
D:5:      layout_gridville, kennysheep_mini_moat, nicolae_uskayaw_en_pointe,
          serial_shops, shop, kennysheep_generic_room_4
D:6:      layout_cave_pools, evilmike_ruin_ashenzari,
          lemuel_mausoleum_altar_kikubaaqudgha
D:7:      layout_loops_cross, minmay_temple_entry_statues_pillars,
          uniq_crazy_yiuf_cottage
D:8:      layout_loops_ring
D:9:      layout_cave_pods, david_orc_4, minivault_8

Skill      XL: |  1  2  3  4  5  6  7  8  9 10 |
---------------+-------------------------------+-----
Long Blades    | 3 4 5 6 7 |  7.3
Dodging        | 1 2 3 4 5 6 |  6.9
Stealth        | 1 2 3 4 5 |  5.8
Spellcasting   | 3 4 5 |  5.6
Conjurations   | 3 4 5 |  5.6
Hexes          | 3 4 5 |  5.6
Summonings     | 3 4 5 |  5.6
Necromancy     | 3 4 5 |  5.6
Translocations | 3 4 5 |  5.6
Transmutations | 3 4 5 |  5.6
Fire Magic     | 3 4 5 |  5.6
Ice Magic      | 3 4 5 |  5.6
Air Magic      | 3 4 5 |  5.6
Earth Magic    | 3 4 5 |  5.6
Poison Magic   | 3 4 5 |  5.6
Fighting       | 4 5 6 7 |  7.1

Action                     |  1- 3 |  4- 6 |  7- 9 | 10-12 || total
---------------------------+-------+-------+-------+-------++-------
  Melee: Falchion          |    60 |    27 |   150 |    65 ||   302
         Punch             |       |       |     1 |     1 ||     2
         Scimitar          |       |       |       |    41 ||    41
   Cast: Scorch            |    19 |    54 |   104 |    56 ||   233
         Poisonous Vapours |       |     2 |       |    18 ||    20
         Freeze            |       |       |       |     8 ||     8
         Vhi's Electric Ch |       |       |       |     2 ||     2
    Use: Scroll            |     1 |     8 |     8 |       ||    17
         Potion            |       |       |       |     3 ||     3
   Stab: Sleeping          |     1 |     1 |     8 |     1 ||    11
 Armour: Robe              |    10 |     8 |    22 |    21 ||    61
  Dodge: Dodged            |    36 |    21 |   113 |   109 ||   279

Table legend: (Time is in decaauts)
 A = Elapsed time spent in this place.
 B = Non-inter-level travel time spent in this place.
 C = Inter-level travel time spent in this place.
 D = Time resting spent in this place.
 E = Time spent auto-exploring this place.
 F = Levels seen in this place.
 G = Mean time per level.
                   A        B        C        D        E       F      G
               +--------+--------+--------+--------+--------+-----+--------+
         Total |   8712 |   8205 |    507 |   1165 |   5134 |   9 |  968.0 |
       Dungeon |   8712 |   8205 |    507 |   1165 |   5134 |   9 |  968.0 |
               +--------+--------+--------+--------+--------+-----+--------+

Top non-repeatable levels by time:
     D:6: 1332 daAuts
     D:5: 1166 daAuts
     D:4: 1111 daAuts
     D:1: 1059 daAuts
     D:3: 1050 daAuts
     D:8: 1045 daAuts
     D:7: 841 daAuts
     D:9: 561 daAuts
     D:2: 543 daAuts
